 Dungeon Crawl Stone Soup version 0.19.4-12-gccf7e64 (webtiles) character file.

10750 LORDOFBUTT the Basher (level 11, -5/71 HPs)
             Began as a Gargoyle Fighter on Feb 23, 2017.
             Was a High Priest of Okawaru.
             Killed by divine providence
             ... invoked by an orc priest
              (15 damage)
             ... on level 11 of the Dungeon on Feb 28, 2017.
             The game lasted 00:19:06 (10814 turns).

LORDOFBUTT the Basher (Gargoyle Fighter)           Turns: 10814, Time: 00:19:06

Health: -5/71      AC: 19    Str: 20    XL:     11   Next: 67%
Magic:  11/11      EV:  7    Int:  9    God:    Okawaru [*****.]
Gold:   285        SH: 12    Dex: 14    Spells: 0 memorised, 10 levels left

rFire  + . .     SeeInvis .     y - +5 mace
rCold  + + .     Gourm    .     a - +1 chain mail of the Moneychanger {MR+}
rNeg   + . .     Faith    .     c - +0 shield
rPois  ∞         Spirit   .     (helmet restricted)
rElec  +         Reflect  .     G - +2 cloak
rCorr  .         Harm     .     (no gloves)
MR     +....                    (no boots)
Stlth  ..........               (no amulet)
                                r - ring of protection from cold
                                B - ring of protection from fire

@: very slightly contaminated, hasted, very quick
A: antennae 2, big wings, agile 1, cold resistance 1, deformed body, negative
energy resistance 1, screaming 1, electricity resistance, unbreathing,
petrification resistance, rot immunity, subdued magic 1, MP-powered wands, AC +7
a: Fly, Heroism, Finesse, Renounce Religion


You were on level 11 of the Dungeon.
You worshipped Okawaru.
Okawaru was extremely pleased with you.
You were not hungry.

You visited 2 branches of the dungeon, and saw 12 of its levels.

You collected 627 gold pieces.
You spent 342 gold pieces at shops.

Inventory:

Hand Weapons
 y - a +5 mace (weapon)
 M - a +0 whip of freezing
Armour
 a - the +1 chain mail of the Moneychanger (worn) {MR+}
   (You bought it in a shop on level 8 of the Dungeon)

   It affects your resistance to hostile enchantments.
 b - a +0 scale mail
 c - a +0 shield (worn)
 G - a +2 cloak (worn)
Rods
 i - a -1 rod of ignition (11/11)
   (You found it on level 4 of the Dungeon)
Jewellery
 m - an uncursed amulet of harm
 r - a ring of protection from cold (right hand)
 B - a ring of protection from fire (left hand)
 N - a cursed ring of teleportation {unknown}
 R - an uncursed ring of stealth
Wands
 j - a wand of random effects (17/48)
 u - a wand of polymorph (8/24)
 D - a wand of paralysis (7/24)
Scrolls
 e - 2 scrolls of fear
 k - 3 scrolls of teleportation
 l - 8 scrolls of identify
 o - 3 scrolls of blinking
 q - 8 scrolls of remove curse
 s - 2 scrolls of enchant weapon {unknown}
 w - a scroll of recharging {unknown}
 A - 2 scrolls of amnesia {unknown}
 C - a scroll of silence {unknown}
 H - a scroll of enchant armour {unknown}
 J - a scroll of noise {unknown}
 L - a scroll of random uselessness {unknown}
 S - a scroll of summoning {unknown}
Potions
 g - a potion of brilliance
 h - a potion of curing
 n - 3 potions of flight
 t - a potion of resistance
 v - a potion of might
 x - 3 potions of ambrosia {unknown}
 z - 2 potions of berserk rage {unknown}
 E - 2 potions of lignification {unknown}
 Q - a potion of haste
 T - a potion of cure mutation {unknown}
Books
 F - the Reference Book on the Mountains and Creation
   (You found it on level 6 of the Dungeon)

   Spells                             Type                      Level
   a - Stone Arrow                    Conjuration/Earth            3
   b - Summon Guardian Golem          Hexes/Summoning              3
   c - Bolt of Magma                  Conjuration/Fire/Earth       5
   d - Summon Mana Viper              Hexes/Summoning              5
 O - a book of Geomancy

   Spells                             Type                      Level
   a - Sandblast                      Earth                        1
   b - Passwall                       Transmutation/Earth          2
   c - Stone Arrow                    Conjuration/Earth            3
   d - Petrify                        Transmutation/Earth          4
   e - Lee's Rapid Deconstruction     Earth                        5
Comestibles
 f - 5 bread rations
 p - a beef jerky
 I - 2 meat rations
 K - a royal jelly
 P - 19 fruits


   Skills:
 + Level 9.6 Fighting
 * Level 11.6 Maces & Flails
 + Level 9.6 Armour
 + Level 9.2 Shields


You had 10 spell levels left.
You didn't know any spells.

Dungeon Overview and Level Annotations

Branches:
Dungeon (11/15)            Temple (1/1) D:7            Lair (0/6) D:8
    Orc (0/2) D:10

Altars:
Ashenzari
Cheibriados
Dithmenos
Elyvilon
Fedhas
Gozag
Hepliaklqana
Kikubaaqudgha
Makhleb
Nemelex Xobeh
Okawaru
Qazlal
Ru
Sif Muna
Trog
Uskayaw
Vehumet
Xom
Yredelemnul
Zin
The Shining One

Shops:
D:2 *   D:7 !   D:8 [   D:9 [   D:10 }


Innate Abilities, Weirdness & Mutations

You are resistant to torment.
Your stone body is resilient. (AC +7)
You are immune to poison.
You resist negative energy. (rN+)
You are resistant to electric shocks. (rElec)
You can survive without breathing.
You are immune to petrification.
You are immune to rotting.
You have a pair of antennae on your head.
Your large and strong wings let you fly indefinitely.
You are agile. (Dex +2)
Your flesh is cold resistant. (rC+)
Armour fits poorly on your strangely shaped body.
You occasionally shout uncontrollably at your foes.
Your spells are a little easier to cast, but a little less powerful.
You expend magic power (3 MP) to strengthen your wands.


Message History

The eight-headed hydra bites you but does no damage.
The eight-headed hydra bites you!
* * * LOW HITPOINT WARNING * * *
The eight-headed hydra bites you.
* * * LOW HITPOINT WARNING * * *
The eight-headed hydra bites you but does no damage. x3
The eight-headed hydra bites you.
* * * LOW HITPOINT WARNING * * *
You are very lightly contaminated with residual magic.
The orc priest casts a cantrip, but nothing happens.
It was a potion of mutation.
You feel extremely strange.
You feel the urge to shout.
The antennae on your head grow some more.
The bullfrog skeleton hits you but does no damage.
You feel extremely strange.
You feel your magical essence link to your wands.
You block the bullfrog skeleton's attack.
The orc priest invokes the aid of Beogh against you.
Beogh smites you!
You die...

...#######.....................
...#.....#.....................
####.....'.....................
...#.....#.........o...........
...#.....#.....................
...#######........D............
...).....#.......Z............
####.....#..................>
...#.....#......@...........
...'.....#..................
...#.....#.................
...########......################
..........#......#..[........#...
..........#......'...........'...
...#......#......#........(..#...
...#......#......#...........#...
(..###'####......####'########'##


You could see an eight-headed hydra, an orc priest and a bullfrog skeleton.

Vanquished Creatures
  Erica (D:11)
  Pikel (D:8)
  Maurice (D:8)
  A tengu conjurer (D:10)
  A two-headed ogre (D:11)
  Grinder (D:4)
  A hippogriff (D:8)
  Sigmund (D:2)
  16 yaks
  A basilisk (D:8)
  A hungry ghost (D:10)
  Edmund (D:5)
  A soldier ant (D:11)
  A mottled dragon (D:11)
  A water moccasin (D:10)
  Duvessa (D:4)
  3 porcupines (D:8)
  2 orc warriors
  2 black bears
  An ice beast (D:10)
  3 sky beasts
  An eye of draining (D:8)
  8 phantoms
  2 ogres (D:10)
  2 centaurs
  3 crocodiles
  A big kobold (D:8)
  5 bullfrogs
  Dowan (D:4)
  2 scorpions
  A troll zombie (D:10)
  7 wights
  A crimson imp (D:9)
  A centaur zombie (D:9)
  5 hounds
  5 orc priests
  3 jellies
  5 bullfrog skeletons
  A bullfrog zombie (D:10)
  A gnoll shaman (D:8)
  9 orc wizards
  Crazy Yiuf (D:6)
  4 centaur skeletons
  4 iguanas
  7 worker ants
  A killer bee zombie (D:6)
  7 ogre zombies (D:10)
  2 hound zombies (D:5)
  A hound skeleton (D:6)
  3 howler monkey zombies
  12 adders
  8 gnolls
  A river rat (D:8)
  3 shadow imps
  An adder zombie (D:7)
  An adder skeleton (D:4)
  A worm (D:2)
  3 dart slugs
  9 leopard geckos
  33 orcs
  3 giant cockroaches
  6 goblins
  2 hobgoblins (D:1)
  4 quokkas
  A ball python (D:2)
  6 bats
  7 frilled lizards
  3 goblin skeletons (D:10)
  2 hobgoblin skeletons (D:10)
  3 hobgoblin zombies (D:10)
  6 kobolds
  A leopard gecko skeleton (D:4)
  3 orc skeletons (D:10)
  14 orc zombies (D:10)
  A quokka skeleton (D:8)
  10 rats
280 creatures vanquished.

Vanquished Creatures (others)
  An ice beast (D:8)
  3 slaves (D:8)
  A quokka skeleton (D:8)
  A fungus (D:8)
  2 plants (D:8)
8 creatures vanquished.

Grand Total: 288 creatures vanquished

Notes
Turn   | Place    | Note
-------+----------+-------------------------------------------
     0 | D:1      | LORDOFBUTT the Gargoyle Fighter began the quest for the Orb.
     0 | D:1      | Reached XP level 1. HP: 14/14 MP: 1/1
   166 | D:1      | Reached XP level 2. HP: 17/19 MP: 2/2
   217 | D:1      | Upgraded the game from 0.19.4-10-g532645f to 0.19.4-12-gccf7e64
   672 | D:2      | Found a faded altar of an unknown god.
   691 | D:2      | Noticed Sigmund
   701 | D:2      | Killed Sigmund
   701 | D:2      | Reached skill level 3 in Maces & Flails
   701 | D:2      | Reached XP level 3. HP: 13/24 MP: 3/3
   701 | D:2      | Reached XP level 4. HP: 16/29 MP: 4/4
   701 | D:2      | Reached XP level 5. HP: 18/33 MP: 5/5
   718 | D:2      | Reached skill level 4 in Maces & Flails
   893 | D:2      | Found a sacrificial altar of Ru.
   967 | D:2      | Found Zin's Purification Station.
   967 | D:2      | Found a glowing silver altar of Zin.
  1134 | D:3      | Reached XP level 6. HP: 38/38 MP: 6/6
  1904 | D:4      | Noticed Grinder
  1977 | D:4      | Paralysed by Grinder for 7 turns
  2262 | D:4      | Paralysed by Grinder for 2 turns
  2270 | D:4      | Killed Grinder
  2270 | D:4      | Reached skill level 5 in Maces & Flails
  2270 | D:4      | Reached XP level 7. HP: 25/44 MP: 7/7
  2582 | D:4      | Reached skill level 5 in Armour
  2643 | D:4      | Reached skill level 5 in Fighting
  2643 | D:4      | Reached skill level 5 in Shields
  3001 | D:4      | Noticed Duvessa
  3003 | D:4      | Noticed Dowan
  3018 | D:4      | Killed Duvessa
  3018 | D:4      | Reached XP level 8. HP: 38/49 MP: 8/8
  3042 | D:4      | Killed Dowan
  3042 | D:4      | Reached skill level 6 in Maces & Flails
  3365 | D:4      | Identified a -1 rod of ignition (11/11) (You found it on level 4 of the Dungeon)
  3408 | D:5      | Entered Level 5 of the Dungeon
  3408 | D:5      | Noticed Edmund
  3447 | D:5      | Killed Edmund
  3872 | D:5      | Reached skill level 7 in Maces & Flails
  4317 | D:6      | Reached XP level 9. HP: 38/56 MP: 9/9
  4505 | D:6      | Gained mutation: Your spells are a little easier to cast, but a little less powerful. [mutagenic meat]
  4506 | D:6      | Gained mutation: Your large and strong wings let you fly indefinitely. [mutagenic meat]
  4507 | D:6      | Gained mutation: Armour fits poorly on your strangely shaped body. [mutagenic meat]
  4508 | D:6      | Gained mutation: You are agile. (Dex +2) [mutagenic meat]
  4509 | D:6      | Gained mutation: Your flesh is cold resistant. (rC+) [mutagenic meat]
  4510 | D:6      | Gained mutation: You have a pair of small antennae on your head. [mutagenic meat]
  4531 | D:6      | Found a burning altar of Makhleb.
  4590 | D:6      | Found a runed door.
  4796 | D:6      | Identified the Reference Book on the Mountains and Creation
  5339 | D:6      | Noticed Crazy Yiuf
  5346 | D:6      | Killed Crazy Yiuf
  5475 | D:7      | Reached skill level 8 in Maces & Flails
  5478 | D:7      | Found a deep blue altar of Sif Muna.
  5498 | D:7      | Identified Sif Muna's Compendium of Flames
  5578 | D:7      | Found a stormy altar of Qazlal.
  5607 | D:7      | Found a staircase to the Ecumenical Temple.
  5871 | D:7      | Found Liuddeyr's Distillery.
  6438 | Temple   | Entered the Ecumenical Temple
  6638 | Temple   | Became a worshipper of Warmaster Okawaru
  6810 | D:8      | Noticed Pikel
  6827 | D:8      | Killed Pikel
  6827 | D:8      | Reached * piety under Okawaru
  6827 | D:8      | Reached skill level 9 in Maces & Flails
  6827 | D:8      | Reached XP level 10. HP: 50/63 MP: 10/10
  6844 | D:8      | Found a radiant altar of Vehumet.
  6844 | D:8      | Found a hazy altar of Hepliaklqana.
  6845 | D:8      | Found a sparkling altar of Nemelex Xobeh.
  6848 | D:8      | Found a bloodstained altar of Trog.
  6888 | D:8      | Found Tetzen's Antique Armour Emporium.
  6896 | D:8      | Bought an ancient chain mail for 342 gold pieces
  6906 | D:8      | Identified the +1 chain mail of the Moneychanger {MR+} (You bought it in a shop on level 8 of the Dungeon)
  7008 | D:8      | Reached ** piety under Okawaru
  7061 | D:8      | Reached skill level 10 in Maces & Flails
  7439 | D:8      | Noticed Maurice
  7518 | D:8      | Found a staircase to the Lair.
  7567 | D:8      | Reached *** piety under Okawaru
  8092 | D:8      | Killed Maurice
  8407 | D:9      | Reached XP level 11. HP: 67/69 MP: 11/11
  8428 | D:9      | Found Woha's Antique Armour Boutique.
  8562 | D:9      | Reached **** piety under Okawaru
  9239 | D:10     | Entered Level 10 of the Dungeon
  9294 | D:10     | Reached skill level 11 in Maces & Flails
  9383 | D:10     | Found a staircase to the Orcish Mines.
 10275 | D:10     | Found Fap Aby's Gadget Boutique.
 10339 | D:10     | Reached ***** piety under Okawaru
 10705 | D:11     | Noticed Erica
 10723 | D:11     | Killed Erica
 10795 | D:11     | Noticed an eight-headed hydra
 10811 | D:11     | Gained mutation: You occasionally shout uncontrollably at your foes. [potion of mutation]
 10811 | D:11     | Gained mutation: You have a pair of antennae on your head. [potion of mutation]
 10812 | D:11     | Gained mutation: You expend magic power (3 MP) to strengthen your wands. [potion of mutation]
 10814 | D:11     | Killed from afar by an orc priest

Skill      XL: |  1  2  3  4  5  6  7  8  9 10 11 |
---------------+----------------------------------+-----
Fighting       | 4 5 6 7 8 9 |  9.6
Maces & Flails | 3 4 5 7 9 10 11 | 11.6
Armour         | 4 5 6 7 8 9 |  9.6
Shields        | 4 5 6 7 8 9 |  9.2

Action                   |  1- 3 |  4- 6 |  7- 9 | 10-12 || total
-------------------------+-------+-------+-------+-------++-------
Melee: Flail             |    72 |   194 |   169 |       ||   435
       Mace              |       |       |   323 |   614 ||   937
       Whip              |       |       |       |    32 ||    32
Invok: Heroism           |       |       |       |     2 ||     2
 Abil: Fly               |       |       |     1 |       ||     1
       Stop Flying       |       |       |     1 |       ||     1
Evoke: Wand              |       |       |       |     2 ||     2
  Use: Scroll            |       |     9 |     2 |     1 ||    12
       Potion            |       |       |     2 |     3 ||     5
  Eat: Chunk             |       |     5 |    16 |     3 ||    24
       Beef jerky        |       |       |     1 |     1 ||     2
       Bread ration      |       |       |     1 |       ||     1
       Fruit             |       |       |       |    12 ||    12
       Pizza             |       |       |       |     1 ||     1
Armor: Scale mail        |    39 |    99 |   238 |       ||   376
       Chain mail        |       |       |       |   261 ||   261
Dodge: Dodged            |    33 |    76 |   136 |   108 ||   353
Block: Shield            |    33 |    98 |   239 |   321 ||   691
